 Dungeon Crawl Stone Soup version 0.29.0-4-gdea44cf6ec (webtiles) character file.

Game seed: 7621911102047166792

23 qw the Chopper (level 3, 0/21 HPs)
             Began as a Tengu Warper on Aug 28, 2022.
             Succumbed to their own poison gas
             ... on level 1 of the Dungeon.
             The game lasted 00:00:05 (1781 turns).

qw the Chopper (Tengu Warper)                       Turns: 1781, Time: 00:00:06

Health: 0/21       AC:  3    Str: 13    XL:     3   Next: 0%
Magic:  7/7        EV: 12    Int: 13    God:
Gold:   42         SH:  0    Dex: 13    Spells: 6/6 levels left

rFire   . . .      SeeInvis .   Y - +1 hand axe
rCold   . . .      Faith    .   (no shield)
rNeg    . . .      Spirit   .   b - +0 leather armour
rPois   .          Reflect  .   (helmet restricted)
rElec   .          Harm     .   (no cloak)
rCorr   .          Rampage  .   (no gloves)
Will    .....                   (boots unavailable)
Stlth   +.........              (no amulet)
HPRegen 0.07/turn               (no ring)
MPRegen 0.10/turn               (no ring)

@: lethally poisoned (0 -> -1)
A: beak, talons 3
a: no special abilities


You were on level 1 of the Dungeon.
You visited 1 branch of the dungeon, and saw 1 of its levels.

You collected 42 gold pieces.


Innate Abilities, Weirdness & Mutations

You have a beak for a mouth.
You have claws for feet.


   Skills:
 - Level 2.0 Fighting
 + Level 3.7 Axes
 - Level 1.0 Throwing
 - Level 1.1 Armour
 - Level 2.1 Dodging
 - Level 2.0 Spellcasting
 - Level 2.4 Translocations


You had 6 spell levels left.
You didn't know any spells.
Your spell library contained the following spells:

 Spells                   Type           Power      Damage    Failure   Level
 Blink                    Tloc           14%        N/A       19%         2
 Gell's Gravitas          Tloc           7%         N/A       36%         3
 Lesser Beckoning         Tloc           7%         N/A       36%         3
 Teleport Other           Tloc           7%         N/A       36%         3
 Manifold Assault         Tloc           7%         N/A       98%         5

Inventory:

Hand Weapons
 e - a +0 club
 Y - a +1 hand axe (weapon)
Armour
 b - a +0 leather armour (worn)
Potions
 d - a potion of curing {unknown}
 j - a potion of mutation {unknown}
 k - a potion of brilliance {unknown}
 l - a potion of cancellation

Dungeon Overview and Level Annotations

Branches:
Dungeon (1/15)

Altars:


Message History

It was a scroll of poison.
Done exploring.
1768 ||| DRINKING 2 glowing ruby potions.
It was a potion of cancellation.
You feel magically purged.
Done exploring.
1769 ||| DROPPING scroll of blinking.
You drop a scroll of blinking.
Done exploring.
1770 ||| DROPPING 2 scrolls of poison.
You drop 2 scrolls of poison.
Done exploring.
(D) Dungeon
Where to? (* - list waypoints, ? - help)
What level of the Dungeon? (default 1, ? - help) Sorry, I don't know how to get there.
Done exploring.
1771 ||| Stepping randomly (stuck).
Really walk into that cloud of poison gas?
You are engulfed in poison gas.
You are poisoned.
You feel very sick.
1772 ||| Stepping ~*~*~tactically~*~*~ (cloud).
You feel very sick.
Things that are here:
2 scrolls of poison; a scroll of blinking
There is a lethal amount of poison in your body!
You feel sick.
There is a lethal amount of poison in your body!
You feel sick.
There is a lethal amount of poison in your body!
You feel sick.
There is a lethal amount of poison in your body!
You feel sick.
There is a lethal amount of poison in your body!
You feel sick.
There is a lethal amount of poison in your body!
You feel sick.
There is a lethal amount of poison in your body!
You feel sick.
There is a lethal amount of poison in your body!
You feel sick.
There is a lethal amount of poison in your body!
You die...

#....P..7~7~~...7#
###..P..P.7~~~~P...# ###
........~.~~~~7..P.# #####.#
###...P.7~~7~..PP..###.....####
####...~7~...P..............#
##...PP...#...###........#
#................#.#....##
##.#############.#.#...8.#
########.#¤>00¤¤@...0#.#......<#
......##.#0#########0#.#.....8.#
#####.##.#.#########.#.#.#....##
#.##.#.............#.#....#
#.##.#############.#.#....#
#......................####
#..#.#############.###.#
#..#....#......#.#.# ###
#..####.##.###...#.#


There were no monsters in sight!

Vanquished Creatures
  A dart slug (D:1)
  2 ball pythons (D:1)
  2 endoplasms (D:1)
  3 giant cockroaches (D:1)
  2 jackals (D:1)
  A kobold (D:1)
  3 quokkas (D:1)
  2 bats (D:1)
  2 goblins (D:1)
18 creatures vanquished.

Notes
Turn   | Place    | Note
-------+----------+-------------------------------------------
     0 | D:1      | qw the Tengu Warper began the quest for the Orb.
     0 | D:1      | Reached XP level 1. HP: 12/12 MP: 4/4
     0 | D:1      | 0 ||| qw: Version: 0.1-a-89-g26bdef1
     0 | D:1      | 0 ||| qw: Game counter: 1846
     0 | D:1      | 0 ||| qw: Always use a shield: true
     0 | D:1      | 0 ||| qw: God list: Okawaru
     0 | D:1      | 0 ||| qw: Allow faded altars: false
     0 | D:1      | 0 ||| qw: Do Orc after D:15 true
     0 | D:1      | 0 ||| qw: Do second Lair branch before Depths: true
     0 | D:1      | 0 ||| qw: Lair rune preference: random
     0 | D:1      | 0 ||| qw: Plans: Normal
     0 | D:1      | 0 ||| PLANNING D:1-11
   234 | D:1      | Reached XP level 2. HP: 13/17 MP: 6/6
   239 | D:1      | Reached skill level 3 in Axes
   505 | D:1      | 505 ||| Stepping ~*~*~tactically~*~*~ (hiding).
   613 | D:1      | 613 ||| Stepping ~*~*~tactically~*~*~ (hiding).
  1526 | D:1      | Reached XP level 3. HP: 16/21 MP: 7/7
  1657 | D:1      | Found a faded altar of an unknown god.
  1660 | D:1      | 1660 ||| DROPPING orb of energy.
  1661 | D:1      | 1661 ||| READING scroll labelled TUFRUNU LITOI.
  1662 | D:1      | 1662 ||| READING scroll labelled VUSKAR WAEKHA.
  1666 | D:1      | 1666 ||| READING scroll labelled WEJAEMO BEQO.
  1767 | D:1      | 1767 ||| READING 3 scrolls labelled UTUNEDIAXT.
  1768 | D:1      | 1768 ||| DRINKING 2 glowing ruby potions.
  1769 | D:1      | 1769 ||| DROPPING scroll of blinking.
  1770 | D:1      | 1770 ||| DROPPING 2 scrolls of poison.
  1771 | D:1      | 1771 ||| Stepping randomly (stuck).
  1772 | D:1      | 1772 ||| Stepping ~*~*~tactically~*~*~ (cloud).
  1776 | D:1      | HP: 5/21 [poisoned by you (poison gas)]
  1779 | D:1      | HP: 2/21 [poisoned by you (poison gas)]
  1781 | D:1      | Succumbed to their own poison gas

Levels and vault maps discovered:
D:1:      mrwooster_arrival_statue, layout_basic,
          shapermc_ecumenical_altar_hornbeckon, serial_bayou_pond_a,
          minmay_pentomino_x4

Skill      XL: |  1  2 |
---------------+-------+-----
Axes           | 3 |  3.7
Fighting       | |  2.0
Throwing       | |  1.0
Armour         | |  1.1
Dodging        | |  2.1
Spellcasting   | |  2.0
Translocations | |  2.4

Action                   || total
-------------------------++-------
Melee: Hand axe          ||    44
       Peck              ||     5
       Kick              ||     7
Throw: Boomerang         ||     7
  Use: Scroll            ||     4
       Potion            ||     1
Armor: Leather armour    ||     7
Dodge: Dodged            ||    35

Table legend:
 A = Non-vault XP
 B = Vault XP
 C = Vault XP percentage of total XP
 D = Non-vault monster count
 E = Vault monster count
 F = Vault count percentage of total count
                 A         B        C        D         E       F
            +---------+---------+-------+---------+---------+-------
      Total |      28 |       6 |  17.6 |      14 |       4 |  22.2
            +---------+---------+-------+---------+---------+-------
        D:1 |      28 |       6 |  17.6 |      14 |       4 |  22.2
            +---------+---------+-------+---------+---------+-------
